 Dungeon Crawl Stone Soup version 0.17-a0-1997-ga88ed7d (webtiles) character file.

95 Ordine the Skirmisher (level 4, -1/34 HPs)
             Began as an Octopode Fighter on Oct 8, 2015.
             Slain by an orc wizard
             ... wielding a +0 dagger
              (3 damage)
             ... on level 3 of the Dungeon.
             The game lasted 00:05:15 (1994 turns).

Ordine the Skirmisher (Octopode Fighter)            Turns: 1994, Time: 00:05:15

Health: -1/34      AC:  1    Str: 15    XL:     4   Next: 66%
Magic:  4/4        EV: 10    Int: 10    God:
Gold:   126        SH:  8    Dex: 12    Spells: 0 memorised, 3 levels left

rFire  . . .     SeeInvis .     a - +0 long sword
rCold  . . .     Clarity  .     b - +0 shield
rNeg   . . .     SustAt   .     (helmet restricted)
rPois  .         Gourm    .     (no amulet)
rElec  .         Spirit   .     (no ring)
rCorr  .         Warding  .     (no ring)
rMut   .         Stasis   .     (no ring)
MR     .....                    (no ring)
Stlth  ++........               (no ring)
                                (no ring)
                                (no ring)
                                (no ring)

@: not resistant to hostile enchantments, unstealthy
A: almost no armour, amphibious, 8 rings, constrict 8, camouflage 1, gelatinous
body 1
a: no special abilities


You were on level 3 of the Dungeon.
You were not hungry.

You visited 1 branch of the dungeon, and saw 3 of its levels.

You collected 126 gold pieces.

Inventory:

Hand Weapons
 a - a +0 long sword (weapon)
Missiles
 f - 115 stones (quivered)
 h - 41 poisoned needles
 k - a throwing net
 s - 7 javelins
Armour
 b - a +0 shield (worn)
Scrolls
 e - a scroll of recharging {unknown}
 g - 2 scrolls of identify {unknown}
 i - a scroll of blinking {unknown}
 j - a scroll of remove curse {unknown}
 m - 3 scrolls of teleportation {unknown}
 o - a scroll of fog {unknown}
 q - a scroll of enchant armour {unknown}
Potions
 c - a potion of might
 l - a potion of flight {unknown}
 n - a potion of invisibility {unknown}
 p - a potion of curing {unknown}
Comestibles
 d - 2 bread rations
 r - 5 chunks of flesh
 t - a beef jerky


   Skills:
 + Level 4.5 Fighting
 + Level 3.2 Long Blades
 - Level 3.0 Dodging
 - Level 3.0 Shields


You had 3 spell levels left.
You didn't know any spells.

Dungeon Overview and Level Annotations

Branches:
Dungeon (3/15)

Altars:
Gozag


Innate Abilities, Weirdness & Mutations

You cannot wear most types of armour.
You are amphibious.
You can wear up to eight rings at the same time.
You can use your tentacles to constrict eight enemies at once.
Your skin changes colour to match your surroundings (Stealth).
Your rubbery body absorbs attacks (AC +1).


Message History

The hobgoblin is almost dead.
You constrict the hobgoblin.
You kill the hobgoblin!
Something hits you. x2
* * * LOW HITPOINT WARNING * * *
You are too injured to fight recklessly!
You are too injured to fight recklessly!
Drink which item? (? for menu, Esc to quit)
Okay, then.
Unknown command.
Unknown command.
You barely miss something. Your squeeze misses something. Something hits you.
* * * LOW HITPOINT WARNING * * *
You miss something.
You hear some strange, mumbled words.
Something tries to affect you, but you resist.
Something hits you.
* * * LOW HITPOINT WARNING * * *
You closely miss something. Something hits you.
You die...

#.#...# #....# #.#...#
#....# ### #.#...#
#....+ .g
#.#...####....# # #.
#.#.........#.# #.
#.##.##.########.#
#(####..#.........#...#
#....##(####.####.#.#..
#...o(@).....# #.###
#...o###.##..# #....
#....# #..#..# #####
#....# ##.#..# #....#
....# #...(# #...#
..o#.## #...# ....#.
##..# .....#.


You could see 2 orcs.

Vanquished Creatures
  4 adders (D:2)
  3 worms (D:2)
  7 bats
  8 giant cockroaches
  11 hobgoblins
  4 kobolds
  A quokka (D:2)
  3 giant newts (D:1)
  2 goblins (D:2)
  5 rats
48 creatures vanquished.

Notes
Turn   | Place    | Note
--------------------------------------------------------------
     0 | D:1      | Ordine the Octopode Fighter began the quest for the Orb.
     0 | D:1      | Reached XP level 1. HP: 16/16 MP: 1/1
   253 | D:1      | Reached XP level 2. HP: 21/21 MP: 2/2
   583 | D:1      | Reached XP level 3. HP: 18/26 MP: 3/3
  1013 | D:2      | Found an opulent altar of Gozag.
  1076 | D:2      | Reached skill level 4 in Fighting
  1259 | D:2      | Reached XP level 4. HP: 28/33 MP: 4/4
  1994 | D:3      | Slain by an orc wizard

Vault maps used:
D:1:      minmay_arrival_widening_spiral_wide
D:2:      st_stairs_7, nicolae_gozag_seed_capital
D:3:      first_bread

Action                   |  1- 3 |  4- 6 || total
-------------------------+-------+-------++-------
Melee: Long sword        |    60 |    39 ||    99
 Stab: Sleeping          |     4 |     2 ||     6
  Eat: Chunk             |     1 |     2 ||     3
